 Dungeon Crawl Stone Soup version 0.29-a0-506-ga2e7fffb44 (webtiles) character file.

Game seed: 17207075309680212900

122 xian the Shield-Bearer (level 4, 0/44 HPs)
             Began as a Troll Fighter on May 28, 2022.
             Slain by a gnoll
             ... wielding a +0 whip
              (4 damage)
             ... on level 3 of the Dungeon.
             The game lasted 00:05:01 (1662 turns).

xian the Shield-Bearer (Troll Fighter)              Turns: 1662, Time: 00:05:03

Health: 0/44       AC:  4    Str: 26    XL:     4   Next: 78%
Magic:  3/3        EV:  9    Int:  4    God:
Gold:   139        SH:  7    Dex:  9    Spells: 3/3 levels left

rFire   . . .      SeeInvis .   i - +2 dagger (venom)
rCold   . . .      Faith    .   b - +0 kite shield
rNeg    . . .      Spirit   .   a - +0 robe
rPois   .          Reflect  .   (helmet restricted)
rElec   .          Harm     .   (no cloak)
rCorr   .          Rampage  .   (gloves unavailable)
Will    .....                   (boots unavailable)
Stlth   +.........              (no amulet)
HPRegen 0.94/turn               (no ring)
MPRegen 0.08/turn               (no ring)

@: no status effects
A: large, unfitting armour, claws 3, regeneration 1, shaggy fur 1, tough skin 1
a: no special abilities


You were on level 3 of the Dungeon.
You visited 1 branch of the dungeon, and saw 3 of its levels.

You collected 139 gold pieces.

Inventory:

Hand Weapons
 i - a +2 dagger of venom (weapon)
Missiles
 d - a throwing net (quivered)
 f - 3 poisoned darts
Armour
 a - a +0 robe (worn)
 b - a +0 kite shield (worn)
Scrolls
 e - 3 scrolls of magic mapping {unknown}
 g - 5 scrolls of identify
 j - a scroll of brand weapon {unknown}
 k - a scroll of blinking {unknown}
 l - a scroll of teleportation {unknown}
 n - 2 scrolls of enchant armour {unknown}
 o - a scroll of enchant weapon {unknown}
 q - a scroll of silence {unknown}
Potions
 c - 2 potions of might
 h - 2 potions of curing
 m - a potion of heal wounds {unknown}
 p - a potion of brilliance {unknown}
 r - 2 potions of flight {unknown}
 s - a potion of haste {unknown}


   Skills:
 + Level 2.8 Fighting
 + Level 1.9 Short Blades
 + Level 3.1 Dodging
 + Level 0.2 Stealth
 + Level 3.3 Shields
 + Level 2.0 Unarmed Combat


You had 3 spell levels left.
You didn't know any spells.
Your spell library was empty.

Dungeon Overview and Level Annotations

Branches:
Dungeon (3/15)

Altars:


Innate Abilities, Weirdness & Mutations

You are too large for most types of armour.
You have claws for hands.
Your natural rate of healing is unusually fast.
You are covered in fur. (AC +1)
You have tough skin. (AC +1)


Message History

The gnoll hits you with a +0 whip. You block the gnoll's attack.
The gnoll barely misses you.
You closely miss the gnoll.
The gnoll is moderately wounded.
The gnoll hits you with a +0 spear. You block the gnoll's attack.
The gnoll hits you with a +0 whip.
You barely miss the gnoll.
The gnoll is moderately wounded.
The gnoll hits you with a +0 whip. The gnoll hits you with a +0 spear.
You block the gnoll's attack.
You hit the gnoll.
The gnoll looks as sick as possible!
The gnoll is heavily wounded.
The gnoll hits you with a +0 whip. The gnoll closely misses you.
The gnoll hits you with a +0 spear.
You barely miss the gnoll.
The gnoll is severely wounded.
The gnoll barely misses you. You block the gnoll's attack.
The gnoll hits you but does no damage.
The gnoll hits you from afar with a +0 spear.
* * * LOW HITPOINT WARNING * * *
You barely miss the gnoll. The gnoll closely misses you.
The gnoll barely misses you.
The gnoll hits you from afar with a +0 spear.
* * * LOW HITPOINT WARNING * * *
You hit the gnoll.
The gnoll is poisoned.
The gnoll is lightly wounded.
You kill the gnoll!
The gnoll barely misses you. x2
You hit the gnoll.
The gnoll looks even sicker.
The gnoll is moderately wounded.
The gnoll hits you with a +0 whip.
* * * LOW HITPOINT WARNING * * *
You block the gnoll's attack.
You hit the gnoll but do no damage.
The gnoll looks as sick as possible!
The gnoll is heavily wounded.
You block the gnoll's attack. The gnoll barely misses you.
The gnoll hits you from afar with a +0 spear.
* * * LOW HITPOINT WARNING * * *
The gnoll hits you with a +0 whip.
You die...

.# # .. ##. #.##
.. #...##.# .#
#.#....## #.#
#...#)g.##...
#....g.......
#....@.#..###
###$.?.......
###...#####.
#.....# +...#.#
#...#.#
##########...#.##
.............#..#
.###..##.....##.#


You could see 2 gnolls.

Vanquished Creatures
  Robin (D:2)
  A gnoll (D:3)
  4 adders
  A dart slug (D:1)
  An orc (D:3)
  4 ball pythons
  7 endoplasms
  2 giant cockroaches
  4 hobgoblins
  3 jackals (D:1)
  2 quokkas
  5 bats
  6 frilled lizards
  13 goblins
  5 kobolds
  2 rats (D:1)
61 creatures vanquished.

Notes
Turn   | Place    | Note
-------+----------+-------------------------------------------
     0 | D:1      | xian the Troll Fighter began the quest for the Orb.
     0 | D:1      | Reached XP level 1. HP: 22/22 MP: 0/0
   148 | D:1      | Reached XP level 2. HP: 24/29 MP: 1/1
   305 | D:1      | Found a faded altar of an unknown god.
   438 | D:1      | Reached XP level 3. HP: 36/36 MP: 2/2
   593 | D:2      | Reached skill level 1 in Short Blades
  1088 | D:2      | Reached XP level 4. HP: 44/44 MP: 3/3
  1155 | D:2      | Noticed Robin
  1174 | D:2      | Killed Robin
  1662 | D:3      | Slain by a gnoll

Illustrated notes

Levels and vault maps discovered:
D:1:      dpeg_arrival_tiny_a, layout_rooms,
          dreamdust_ecumenical_altar_hidden_monk_grotto
D:2:      layout_loops_corners, uniq_robin
D:3:      layout_rooms, lightli_corner_chamber

Skill      XL: |  1  2  3 |
---------------+----------+-----
Shields        | 3 |  3.3
Short Blades   | 1 |  1.9
Dodging        | 3 |  3.1
Fighting       | |  2.8
Stealth        | |  0.2
Unarmed Combat | |  2.0

Action                   |  1- 3 |  4- 6 || total
-------------------------+-------+-------++-------
Melee: Dagger            |   170 |    62 ||   232
       Unarmed           |     6 |       ||     6
  Use: Scroll            |     1 |       ||     1
Armor: Robe              |    90 |    15 ||   105
Dodge: Dodged            |    88 |    25 ||   113
Block: Kite shield       |   101 |    27 ||   128

Table legend: (Time is in decaauts)
 A = Elapsed time spent in this place.
 B = Non-inter-level travel time spent in this place.
 C = Inter-level travel time spent in this place.
 D = Time resting spent in this place.
 E = Time spent auto-exploring this place.
 F = Levels seen in this place.
 G = Mean time per level.
                   A        B        C        D        E       F      G
               +--------+--------+--------+--------+--------+-----+--------+
         Total |   1681 |   1672 |      9 |      0 |   1011 |   3 |  560.3 |
       Dungeon |   1681 |   1672 |      9 |      0 |   1011 |   3 |  560.3 |
               +--------+--------+--------+--------+--------+-----+--------+

Top non-repeatable levels by time:
     D:2: 896 daAuts
     D:1: 552 daAuts
     D:3: 232 daAuts
